 Dungeon Crawl Stone Soup version 0.31-a0-806-g0bc164a743 (webtiles) character file.

Game seed: 14239467799967909451

82 redmage the Shooter (level 4, 38/38 HPs)
             Began as an Armataur Hunter on Sept 21, 2023.
             Quit the game on level 3 of the Dungeon.
             The game lasted 00:06:16 (1120 turns).

redmage the Shooter (Armataur Hunter)               Turns: 1120, Time: 00:06:17

Health: 38/38      AC:  5    Str: 16    XL:     4   Next: 21%
Magic:  4/4        EV:  9    Int: 10    God:
Gold:   77         SH:  0    Dex: 15    Spells: 3/3 levels left

rFire   . . .        a - +0 shortbow
rCold   . . .        (shield currently unavailable)
rNeg    . . .        c - +0 leather armour
rPois   .            n - +0 helmet
rElec   .            (no cloak)
rCorr   .            (no gloves)
SInv    .            (no barding)
Will    +....        (no amulet)
Stlth   ++           (no ring)
HPRegen 0.26/turn    (no ring)
MPRegen 0.09/turn

%: roll
@: enlightened, flying
A: large, rugged brown scales 3, deformed body, armoured tail, roll, long
tongue, awkward tongue
a: no special abilities


You were on level 3 of the Dungeon.
You visited 1 branch of the dungeon, and saw 3 of its levels.

You collected 77 gold pieces.

Inventory:

Hand Weapons
 a - a +0 shortbow (weapon)
Missiles
 q - 2 boomerangs
Armour
 c - a +0 leather armour (worn)
 n - a +0 helmet (worn)
Jewellery
 f - a ring of fire
Scrolls
 b - a scroll of butterflies
 e - 4 scrolls of blinking {unknown}
 h - 2 scrolls of noise {unknown}
 j - a scroll of identify {unknown}
 k - a scroll of enchant weapon {unknown}
 l - a scroll of vulnerability {unknown}
 m - a scroll of summoning {unknown}
 p - a scroll of torment {unknown}
Potions
 g - a potion of heal wounds
 i - 2 potions of curing {unknown}
 o - a potion of might {unknown}


   Skills:
 - Level 2.0 Fighting
 - Level 4.1 Ranged Weapons
 * Level 0.0 Throwing
 - Level 1.5 Dodging
 - Level 1.5 Stealth


You had 3 spell levels left.
You didn't know any spells.
Your spell library contained the following spells:

 Spells                   Type           Power      Damage    Failure   Level
 Blink                    Tloc           0%         N/A       56%         2
 Lesser Beckoning         Tloc           0%         N/A       56%         2
 Momentum Strike          Conj/Tloc      0%         3d8       56%         2


Dungeon Overview and Level Annotations

Branches:
Dungeon (3/15)

Altars:

Annotations:
D:2 Terence


Innate Abilities, Weirdness & Mutations

You are completely covered in rugged brown scales. (AC +3, +7% HP)
Armour fits poorly on your strangely shaped body.
You have a long armoured tail.
You roll when moving toward enemies. (Rampage)
Your long tongue fully drains potion bottles. (2x potion effects)
Your tongue gives you trouble enunciating. (1.5x scroll delay)


Message History

There is a stone staircase leading up here.
You shoot an arrow.
The arrow hits the endoplasm but does no damage.
The endoplasm quivers.
You shoot an arrow. The arrow hits the endoplasm.
The endoplasm is heavily wounded.
You shoot an arrow. The arrow hits the endoplasm!
You kill the endoplasm!
No target in view!
No target in view!
No target in view!
No target in view!
No target in view!
No target in view!
No target in view!
No target in view!
No target in view!
No target in view!
No target in view!
No target in view!
No target in view!
No target in view!
No target in view!
There is a stone staircase leading up here.
A rat comes into view.
You shoot an arrow. The arrow hits the rat.
The rat is severely wounded.
You shoot an arrow. The arrow hits the rat.
You kill the rat!
There is a stone staircase leading up here.
You see here 2 boomerangs.
q - 2 boomerangs It was a potion of enlightenment.
You feel very buoyant.
You fly up into the air.
You slurp down every last drop of the potion of enlightenment!
Unknown command.
Unknown command.
Unknown command.
Are you sure you want to abandon this character and quit the game? (Confirm with "yes".)

###.####......##
#.#
######..####.#
#.# #........
#.# #.#####.#
###.## #.#
#....# #.#
#....# ##.#
#....# #..#
#...@# #.##
#....# #.#
#....## #.#
#....<## #.#
#......#####.#
#.>..#.......#
###########....#
##.#.# #.#...


There were no monsters in sight!

Vanquished Creatures
  Robin (D:2)
  2 adders (D:2)
  A dart slug (D:1)
  2 ball pythons
  5 bats (D:1)
  2 endoplasms
  A giant cockroach (D:1)
  16 goblins
  5 hobgoblins
  4 quokkas
  3 frilled lizards
  4 kobolds (D:1)
  2 rats
48 creatures vanquished.

Notes
Turn   | Place    | Note
-------+----------+-------------------------------------------
     0 | D:1      | redmage the Armataur Hunter began the quest for the Orb.
     0 | D:1      | Reached XP level 1. HP: 18/18 MP: 1/1
    25 | D:1      | Reached skill level 3 in Ranged Weapons
    75 | D:1      | Reached XP level 2. HP: 20/25 MP: 2/2
   507 | D:1      | Reached XP level 3. HP: 31/31 MP: 3/3
   784 | D:2      | Noticed Robin
   870 | D:2      | Noticed Terence
   886 | D:2      | Killed Robin
   894 | D:2      | Reached skill level 4 in Ranged Weapons
   899 | D:2      | Reached XP level 4. HP: 38/38 MP: 4/4
  1120 | D:3      | Quit the game

Illustrated notes

Levels and vault maps discovered:
D:1:      minmay_arrival_up_and_down, layout_basic
D:2:      layout_rooms, glass_columns_a, uniq_robin, uniq_terence
D:3:      layout_rooms, serial_shops, nicolae_diamond_shop

Skill      XL: |  1  2  3 |
---------------+----------+-----
Ranged Weapons | 3 4 |  4.1
Fighting       | 2 |  2.0
Dodging        | |  1.5
Stealth        | |  1.5

Action                     |  1- 3 |  4- 6 || total
---------------------------+-------+-------++-------
   Fire: Shortbow          |   165 |    19 ||   184
    Use: Potion            |       |     2 ||     2
 Armour: Leather armour    |    75 |    17 ||    92
  Dodge: Dodged            |    54 |     5 ||    59

Table legend: (Time is in decaauts)
 A = Elapsed time spent in this place.
 B = Non-inter-level travel time spent in this place.
 C = Inter-level travel time spent in this place.
 D = Time resting spent in this place.
 E = Time spent auto-exploring this place.
 F = Levels seen in this place.
 G = Mean time per level.
                   A        B        C        D        E       F      G
               +--------+--------+--------+--------+--------+-----+--------+
         Total |   1170 |   1138 |     32 |      0 |    700 |   3 |  390.0 |
       Dungeon |   1170 |   1138 |     32 |      0 |    700 |   3 |  390.0 |
               +--------+--------+--------+--------+--------+-----+--------+

Top non-repeatable levels by time:
     D:1: 633 daAuts
     D:2: 470 daAuts
     D:3: 66 daAuts
